 Dungeon Crawl Stone Soup version 0.28.0 (webtiles) character file.

Game seed: 1665466662790424545

74 Lathuz the Chopper (level 4, -12/61 HPs)
             Began as a Minotaur Berserker on Feb 9, 2022.
             Was a Follower of Trog.
             Mangled by a gnoll (14 damage)
             ... on level 2 of the Dungeon.
             The game lasted 00:01:37 (1077 turns).

Lathuz the Chopper (Minotaur Berserker)             Turns: 1077, Time: 00:01:38

Health: -12/61     AC:  2    Str: 23    XL:     4   Next: 10%
Magic:  3/3        EV: 12    Int:  4    God:    Trog [*.....]
Gold:   38         SH:  0    Dex: 10    Spells: 3/3 levels left

rFire   . . .      SeeInvis .   a - +0 hand axe
rCold   . . .      Faith    .   (no shield)
rNeg    . . .      Spirit   .   b - +0 animal skin
rPois   .          Reflect  .   (helmet restricted)
rElec   .          Harm     .   (no cloak)
rCorr   .          Rampage  .   (no gloves)
Will    .....                   (no boots)
Stlth   ..........              (no amulet)
HPRegen 0.20/turn               (no ring)
MPRegen 0.08/turn               (no ring)

@: berserking, very quick
A: horns 2, retaliatory headbutt
a: Renounce Religion, Berserk


You were on level 2 of the Dungeon.
You worshipped Trog.
Trog was aware of your devotion.
You visited 1 branch of the dungeon, and saw 2 of its levels.

You collected 38 gold pieces.

Inventory:

Hand Weapons
 a - a +0 hand axe (weapon)
Armour
 b - a +0 animal skin (worn)
Scrolls
 f - a scroll of identify {unknown}
 g - a scroll of fog {unknown}
Potions
 c - a potion of attraction {unknown}
 d - 2 potions of haste {unknown}
 e - a potion of lignification {unknown}


   Skills:
 + Level 4.5 Fighting
 * Level 5.3 Axes
 - Level 2.4 Armour
 - Level 2.1 Dodging


You had 3 spell levels left.
You didn't know any spells.
Your spell library was empty.

Dungeon Overview and Level Annotations

Branches:
Dungeon (2/15)

Altars:


Innate Abilities, Weirdness & Mutations

You have a pair of horns on your head.
You reflexively headbutt those who attack you in melee.


Message History

You kill the adder!
You have reached level 4!
You feel agile.
You start resting.
HP restored. 2 gnolls come into view.
A gnoll is wielding a +1 halberd of flaming.
The gnoll shouts!
You hear a shout!
The gnoll shouts!
You hear a shout!
The gnoll hits you from afar with a +1 halberd of flaming.
The gnoll burns you.
A red film seems to cover your vision as you go berserk!
You feel yourself moving faster!
You feel mighty!
The gnoll hits you from afar with a +1 halberd of flaming!
The gnoll burns you.
A gnoll shaman comes into view. It is wielding a +0 club.
You feel a strong urge to attack something.
The gnoll shaman shouts!
You slash the gnoll!
The gnoll is severely wounded.
You hear a shout!
You closely miss the gnoll.
The gnoll is severely wounded.
The gnoll hits you with a +1 halberd of flaming!
* * * LOW HITPOINT WARNING * * *
The gnoll burns you.
* * * LOW HITPOINT WARNING * * *
You barely miss the gnoll.
The gnoll is severely wounded.
You barely miss the gnoll shaman. You closely miss the gnoll shaman.
Your punch misses the gnoll shaman.
The gnoll hits you from afar with a +1 halberd of flaming!
* * * LOW HITPOINT WARNING * * *
The gnoll burns you.
* * * LOW HITPOINT WARNING * * *
You hit the gnoll shaman.
The gnoll shaman is moderately wounded.
The gnoll shaman calls upon its god to speed up the gnoll.
The gnoll seems to speed up.
The gnoll hits you from afar with a +1 halberd of flaming!
You die...

#############
#...........###
#...........'.#
#..########.#.#
#..#........#.#
#..#.#####..#.# #..#.#
gg#..#.# #..#.#
#g#..#.#########..
#..#.###@#..#..........#
#..#.....#..######.###.#
#..#######..# ##.##
#...........#####...##...
#...........#............
#############†.......####
#.###.........
########...#.....####
#..........#.....#


You could see a gnoll shaman and 2 gnolls.

Vanquished Creatures
  Natasha (D:2)
  2 adders (D:2)
  A dart slug (D:1)
  A bat (D:2)
  6 endoplasms (D:1)
  5 goblins (D:1)
  A hobgoblin (D:1)
  2 jackals (D:1)
  A quokka (D:1)
  3 ball pythons (D:1)
  2 frilled lizards (D:1)
  A kobold (D:1)
  3 rats
29 creatures vanquished.

Notes
Turn   | Place    | Note
-------+----------+-------------------------------------------
     0 | D:1      | Lathuz the Minotaur Berserker began the quest for the Orb.
     0 | D:1      | Reached XP level 1. HP: 19/19 MP: 0/0
    45 | D:1      | Reached skill level 4 in Axes
   120 | D:1      | Reached XP level 2. HP: 19/27 MP: 1/1
   326 | D:1      | Found a faded altar of an unknown god.
   683 | D:1      | Reached XP level 3. HP: 32/33 MP: 2/2
   825 | D:2      | Noticed Natasha
   834 | D:2      | Killed Natasha
   835 | D:2      | Reached skill level 5 in Axes
   933 | D:2      | Reached XP level 4. HP: 27/41 MP: 3/3
  1076 | D:2      | HP: 2/61 [gnoll (4)]
  1077 | D:2      | Mangled by a gnoll

Illustrated notes

Levels and vault maps discovered:
D:1:      psy_arrival_fountain, layout_basic, ebering_ecumenical_altar_ruins
D:2:      layout_loops_ring, kennysheep_small_spiral, uniq_natasha

Skill      XL: |  1  2  3 |
---------------+----------+-----
Axes           | 4 5 |  5.3
Fighting       | 4 |  4.5
Armour         | |  2.4
Dodging        | |  2.1

Action                   |  1- 3 |  4- 6 || total
-------------------------+-------+-------++-------
Melee: Hand axe          |    50 |     6 ||    56
       Headbutt          |     7 |       ||     7
       Punch             |     1 |       ||     1
Invok: Berserk           |     1 |     1 ||     2
Armor: Animal skin       |     2 |       ||     2
Dodge: Dodged            |    41 |     1 ||    42
